Map: Ley Lines

Players

Vaisravana - Winner!

  • Race: Terran Terran
  • Spawn Location: 1:00

kitune

  • Race: Zerg Zerg
  • Spawn Location: 7:00

VOD

Have the link to the VOD?

Description

Time

  • Played on: May 11, 2025, 9 a.m.
  • Length: 11:12
Show
View Real Time Build Order
Export as new Build Order

Vaisravana Terran - Winner!

Build Orders: Reaper Expand 

Get SALT Encoding   

  12  0:00  SCV  
  13  0:12  SCV  
  14  0:17  Supply Depot  
  14  0:26  SCV  
  15  0:38  SCV  
  15  0:40  Barracks  
  16  0:44  Refinery  
  16  0:51  SCV  
  17  1:03  SCV  
  18  1:15  SCV  
  19  1:27  Reaper  
  19  1:28  Orbital Command  
  20  1:40  Command Center  
  20  1:47  Supply Depot  
  20  1:53  SCV  
  21  1:59  Marine  
  22  2:03  Refinery  
  22  2:07  SCV  
  23  2:20  SCV  
  24  2:25  Factory  
  24  2:26  Barracks Reactor  
  24  2:37  SCV  
  25  2:50  SCV  
  26  2:53  Orbital Command  
  26  3:02  SCV  
  27  3:14  SCV, Orbital Command  
  27  3:15  Starport, Hellion x2  
  32  3:24  Barracks Tech Lab  
  32  3:26  SCV  
  33  3:37  Hellion x2  
  33  3:38  SCV  
  38  3:41  SCV  
  39  3:48  Supply Depot  
  39  3:49  Supply Depot  
  39  3:50  SCV  
  39  3:53  SCV  
  41  3:58  Stimpack  
  41  4:00  Command Center  
  41  4:02  SCV  
  42  4:03  Hellion  
  42  4:05  Hellion  
  46  4:10  SCV  
  46  4:16  Viking  
  49  4:21  SCV  
  49  4:22  SCV  
  51  4:27  Supply Depot  
  51  4:37  Barracks  
  51  4:38  Barracks  
  51  4:39  Factory Reactor  
  51  4:41  SCV x2  
  53  4:50  Supply Depot  
  53  4:53  SCV x2  
  53  4:56  Marine  
  53  4:59  Engineering Bay  
  56  5:01  Engineering Bay  
  56  5:05  SCV  
  56  5:06  SCV  
  58  5:10  Supply Depot  
  58  5:14  Marine  
  58  5:18  SCV x2  
  58  5:19  Orbital Command  
  61  5:27  Starport Reactor  
  61  5:30  SCV x2, Marine x2  
  61  5:34  Terran Infantry Armor Level 1, Terran Infantry Weapons Level 1, Factory Tech Lab  
  65  5:37  Missile Turret x2  
  65  5:39  Refinery, Missile Turret  
  65  5:49  Marine x4  
  69  5:50  Combat Shield, Marine  
  70  5:57  Siege Tank  
  70  5:58  SCV  
  70  5:59  SCV  
  70  6:00  Refinery  
  75  6:05  Medivac x2  
  79  6:11  Marine x4  
  79  6:12  Marine  
  79  6:17  SCV x3  
  87  6:23  Armory  
  87  6:34  Orbital Command  
  87  6:38  Marine x5  
  87  6:39  Medivac  
  94  6:40  Medivac  
  94  6:46  Missile Turret  
  96  6:51  Siege Tank  
  96  6:53  SCV x2  
  101  7:06  Marine  
  101  7:08  Marine  
  101  7:09  Orbital Command  
  101  7:24  Marine x4  
  101  7:25  Medivac, SCV x2  
  101  7:27  Missile Turret  
  101  7:29  Missile Turret  
  109  7:38  Missile Turret  
  109  7:42  Terran Infantry Armor Level 2, Terran Infantry Weapons Level 2  
  109  7:43  Missile Turret x2  
  109  7:50  Barracks  
  109  7:51  Barracks  
  109  8:11  Marine x5  
  109  8:12  Medivac, SCV  
  117  8:13  Supply Depot  
  117  8:15  Supply Depot  
  117  8:16  Supply Depot  
  117  8:30  Supply Depot x2  
  117  8:34  Marine x4  
  117  8:35  Medivac, SCV x2  
  117  8:36  SCV, Marine, Siege Tank  
  117  8:38  Barracks x2  
  117  8:40  Missile Turret  
  117  8:41  Barracks Reactor x2  
  130  8:47  Medivac, SCV x2  
  133  8:52  Marine x4  
  133  8:54  Marine  
  138  9:03  Missile Turret  
  138  9:05  Medivac  
  140  9:10  Marine x3  
  143  9:17  Marine  
  143  9:18  Marine x5  
  143  9:19  Siege Tank  
  147  9:28  Medivac, Marine x3  
  149  9:35  Marine  
  114  9:45  Marine  
  114  9:46  Marine x4  
  114  9:47  Barracks Tech Lab, Barracks Reactor  
  114  9:48  Barracks Tech Lab  
  114  9:51  Siege Tank  
  118  9:53  Marine  
  118  9:54  Marine x3  
  118  9:55  Medivac, SCV x2  
  118  9:56  SCV  
  127  10:00  Command Center  
  127  10:03  Medivac, Marine x3  
  127  10:04  Marine  
  133  10:07  Concussive Shells  
  133  10:09  Marine, Marauder x2  
  133  10:11  Marine  
  133  10:12  Marauder  
  139  10:19  Marine x2  
  139  10:21  Marine x2  
  143  10:30  Marine x4  
  143  10:31  Marine  
  148  10:40  Marine x2, Marauder x2  
  154  10:48  Supply Depot  
  154  10:49  Supply Depot, Marauder  
  157  11:09  Barracks x2  
Show
View Real Time Build Order
Export as new Build Order

kitune Zerg 

Build Orders: Pool First 

Get SALT Encoding   

  12  0:02  Drone  
  13  0:13  Overlord  
  13  0:19  Drone  
  14  0:38  Drone x2  
  14  0:42  Spawning Pool  
  15  0:45  Drone  
  16  0:50  Drone  
  17  1:16  Hatchery  
  17  1:18  Drone  
  17  1:20  Extractor  
  16  1:32  Zergling x6  
  18  1:39  Queen  
  21  1:44  Drone  
  22  1:55  Overlord  
  22  2:13  Drone  
  22  2:15  Queen  
  24  2:31  Metabolic Boost  
  23  2:40  Zergling x4  
  23  2:41  Zergling x2  
  25  2:48  Drone x2  
  27  2:56  Drone  
  28  2:59  Drone  
  28  3:00  Drone x2  
  28  3:03  Lair  
  31  3:09  Extractor  
  30  3:17  Drone x3  
  30  3:19  Drone  
  34  3:25  Drone  
  34  3:26  Drone  
  36  3:27  Overlord  
  36  3:38  Overlord  
  36  3:46  Drone x5  
  41  3:58  Spawning Pool  
  41  4:02  Spire  
  41  4:04  Drone x2  
  41  4:06  Drone  
  41  4:07  Drone  
  44  4:13  Drone  
  44  4:14  Drone x2  
  47  4:25  Drone x5  
  47  4:29  Extractor x2  
  50  4:37  Drone x2  
  52  4:45  Zergling x2  
  51  4:48  Overlord x2  
  51  5:05  Overlord  
  51  5:10  Zergling x6  
  54  5:16  Mutalisk  
  54  5:17  Mutalisk x2  
  60  5:34  Overlord x2  
  60  5:42  Overlord x2  
  60  5:57  Mutalisk  
  60  5:58  Mutalisk x6  
  74  6:07  Zerg Flyer Weapons Level 1  
  74  6:08  Zergling x2  
  74  6:09  Zergling x12  
  81  6:13  Overlord  
  81  6:26  Overlord x2  
  79  7:05  Overlord x2  
  74  7:24  Evolution Chamber  
  74  7:28  Baneling Nest  
  72  7:38  Queen  
  72  7:40  Mutalisk  
  72  7:41  Mutalisk x3  
  72  7:42  Hatchery  
  72  7:43  Overlord  
  81  7:44  Overlord x7  
  81  8:03  Overseer  
  81  8:24  Zergling x2  
  81  8:25  Zergling x16  
  90  8:31  Baneling x8  
  90  8:32  Baneling x3  
  85  8:57  Overlord x2  
  85  9:01  Mutalisk x3  
  79  9:15  Mutalisk x3  
  79  9:16  Mutalisk x5  
  88  9:22  Drone  
  88  9:23  Drone x3  
  64  10:00  Queen  
  66  10:23  Hatchery, Drone x4  
  66  10:27  Drone  
  66  10:28  Drone x2  
  72  10:35  Queen  
Tags
 
Add a new tag
Caveats
  • Supply blocks, unpowered buildings, or Contaminate may cause inaccurate times.
  • Supply counts are checked every 10 seconds.